 Dungeon Crawl Stone Soup version 0.24.1-14-gf8d2b509d9 (webtiles) character file.

Game seed: 15682627561117131102, levelgen mode: deterministic

23226 Hugehornet the Basher (level 13, -2/120 HPs)
             Began as a Gargoyle Fighter on May 24, 2020.
             Was a High Priest of Cheibriados.
             Slain by Jorgrun
             ... wielding a +0 quarterstaff of crushing
              (11 damage)
             ... on level 12 of the Dungeon.
             The game lasted 00:39:41 (15187 turns).

Hugehornet the Basher (Gargoyle Fighter)           Turns: 15187, Time: 00:39:42

Health: -2/120     AC: 26    Str: 36    XL:     13   Next: 5%
Magic:  19/19      EV: -1    Int: 27    God:    Cheibriados [*****.]
Gold:   12         SH: 14    Dex: 21    Spells: 17/21 levels left

rFire    . . .     SeeInvis +   B - +0 mace of the Shark {drain, Str+3}
rCold    . . .     Gourm    +   c - +0 shield
rNeg     + + +     Faith    .   (armour currently unavailable)
rPois    ∞         Spirit   .   (helmet currently unavailable)
rElec    .         Reflect  .   (cloak currently unavailable)
rCorr    .         Harm     .   (gloves currently unavailable)
MR       .....     NoTele   +   (boots currently unavailable)
Stlth    ++........             e - amulet of the gourmand
HPRegen  0.30/turn              K - +2 ring of strength
MPRegen  0.16/turn              M - ring of see invisible

@: tree-form, grasped by roots, constricted, studying 2 skills, very slow
A: negative energy resistance 1, petrification resistance, rot immunity, AC +9
a: Bend Time, Temporal Distortion, Slouch, Step From Time, Renounce Religion


You were on level 12 of the Dungeon.
You worshipped Cheibriados.
Cheibriados was extremely pleased with you.
You were hungry.
You were a tree.
You visited 2 branches of the dungeon, and saw 14 of its levels.
You visited 1 bazaar.
You also visited: Sewer.

You collected 680 gold pieces.
You spent 668 gold pieces at shops.

Inventory:

Hand Weapons
 a - a +1 flail
 r - a +2 whip of venom
 B - the +0 mace of the Shark (weapon) {drain, Str+3}
   (You bought it in a shop on level 4 of the Dungeon)

   A truly terrible weapon, it drains the life of those it strikes.
   It affects your strength (+3).
 Q - a +2 mace of holy wrath
Armour
 c - a +0 shield (worn)
 o - a +0 chain mail
 q - the cursed +0 large shield "Hohot" {rN+ MR+ Dex+2}
   (You bought it in a shop in a bazaar)

   It affects your dexterity (+2).
   It protects you from negative energy.
   It affects your resistance to hostile enchantments.
   It has a curse placed upon it.
 u - a +0 pair of gloves (melded)
 z - a +0 plate armour (melded)
 D - a +2 cloak (melded)
 J - the +1 leather armour "Azyxzibre" {+Blink MP+9}
   (You found it on level 7 of the Dungeon)

   It affects your magic capacity (+9).
   It lets you blink.
 P - a +2 hat of magic resistance (melded)
Jewellery
 e - an amulet of the gourmand (around neck)
 m - an uncursed ring of stealth
 x - an uncursed ring of wizardry
 I - an uncursed ring of positive energy
 K - a +2 ring of strength (left branch)
 M - a ring of see invisible (right branch)
 R - a +2 ring of dexterity
 S - an uncursed ring of resist corrosion
Wands
 d - a wand of paralysis (8)
 N - a wand of iceblast (7)
Scrolls
 b - 2 scrolls of amnesia
 g - 9 scrolls of remove curse
 i - 2 scrolls of enchant weapon
 n - 6 scrolls of teleportation
 p - a scroll of fear
 s - a scroll of fog {unknown}
 t - a scroll of enchant armour {unknown}
 E - a scroll of magic mapping
 F - a scroll of vulnerability {unknown}
Potions
 h - 3 potions of brilliance
 l - 3 potions of curing
 w - 2 potions of flight
 H - a potion of resistance {unknown}
 O - 2 potions of magic
Books
 j - a manual of Dodging
 C - a manual of Fighting
Comestibles
 f - 26 rations


   Skills:
 + Level 9.0 Fighting
 - Level 14.1 Maces & Flails
 * Level 9.0 Armour
 * Level 9.1 Shields
 + Level 4.6 Spellcasting
 * Level 6.7 Hexes
 + Level 5.8 Invocations


You had 17 spell levels left.
You knew the following spells:

 Your Spells              Type           Power        Failure   Level  Hunger
a - Cause Fear            Hex            #####.....   10%         4    ####...

Your spell library contained the following spells:

 Spells                   Type           Power        Failure   Level  Hunger
 Corona                   Hex            #####..      1%          1    None
 Slow                     Hex            #####...     1%          2    None
 Inner Flame              Hex/Fire       ###.....     12%         3    ##.....
 Portal Projectile        Hex/Tloc       ###...       12%         3    ##.....
 Beastly Appendage        Tmut           #.....       16%         1    None
 Magic Dart               Conj           #...         16%         1    None
 Blink                    Tloc           N/A          24%         2    None
 Call Imp                 Summ           #.......     24%         2    None
 Sticks to Snakes         Tmut           #.......     24%         2    None
 Leda's Liquefaction      Hex/Erth       ###.......   36%         4    ####...
 Conjure Flame            Conj/Fire      #.......     43%         3    ##.....
 Mephitic Cloud           Conj/Pois/Air  #.......     43%         3    ##.....
 Spider Form              Tmut/Pois      #.........   43%         3    ##.....
 Ice Form                 Ice/Tmut       #.......     85%         4    ####...
 Blade Hands              Tmut           #.........   99%         5    #####..


Dungeon Overview and Level Annotations

Branches:
Dungeon (13/15)            Temple (1/1) D:6            Lair (0/6) D:11
  Sewer (visited)
    Orc: D:9-12      Vaults: D:13-14

Altars:
Ashenzari
Cheibriados
Dithmenos
Elyvilon
Fedhas
Gozag
Hepliaklqana
Kikubaaqudgha
Makhleb
Nemelex Xobeh
Okawaru
Qazlal
Ru
Sif Muna
Trog
Uskayaw
Vehumet
Wu Jian
Xom
Yredelemnul
Zin
The Shining One
Beogh

Shops:
D:4 (   D:5 :=[*

Annotations:
D:7 1 runed translucent door, Hugehornet's ghost, novice TrFi
D:8 3 runed translucent doors, Hugehornet's ghost, novice OpTm
D:12 Jorgrun


Innate Abilities, Weirdness & Mutations

You are resistant to torment.
((Your stone body is resilient. (AC +9)))
You are immune to poison.
You resist negative energy. (rN+)
((You are resistant to electric shocks. (rElec)))
((You can survive without breathing.))
You are immune to petrification.
You are immune to rotting.


Message History

Really quaff the potion of lignification?
You turn into a tree.
Your +2 cloak melds into your body.
Your +2 hat of magic resistance melds into your body.
Your +0 pair of gloves melds into your body.
Your +0 plate armour melds into your body.
You feel less resistant to hostile enchantments.
Your roots penetrate the ground.
You block Jorgrun's attack. The grasping roots constrict you!
You barely miss Jorgrun.
Jorgrun is lightly wounded.
You hit Jorgrun.
Jorgrun is lightly wounded.
Jorgrun points at you and mumbles some strange words.
The wall shatters!
The blast of rock fragments hits you!!
* * * LOW HITPOINT WARNING * * *
x2 The grasping roots constrict you.
You closely miss Jorgrun.
Jorgrun is lightly wounded.
Jorgrun hits you with a +0 quarterstaff of crushing!
You die...

############
#...../%....
###...........
.............
#...........
#...........
#...g.......
#.♣# #..#
##.#### #....#
#.##.# #.###
#.##'## ......
#.....# ......
#.###.###
...... #
#.#...'.#
......


You could see Jorgrun.

Vanquished Creatures
  Gastronok (D:9)
  Snorg (D:11)
  Harold (D:9)
  2 centaur warriors (D:13)
  Erica (D:8)
  5 two-headed ogres
  A skeletal warrior (D:10)
  An ugly thing (D:10)
  3 cyclopes
  Psyche (D:8)
  A freezing wraith (D:13)
  5 trolls
  A hippogriff (D:8)
  4 slime creatures (D:12)
  2 shadows
  A wraith (D:10)
  21 yaks
  2 hungry ghosts (D:10)
  2 porcupines (D:11)
  A water moccasin (D:9)
  3 ice beasts
  6 orc warriors
  A hornet zombie (D:8)
  3 phantoms
  2 black bears (D:11)
  4 sky beasts
  2 necrophages
  5 ogres
  An eye of draining (D:13)
  3 centaurs
  A crocodile (D:11)
  5 big kobolds
  Blork the orc (D:5)
  5 bullfrogs
  3 scorpions
  3 killer bees (D:11)
  A killer bee (shapeshifter) (D:10)
  A wight (D:6)
  A howler monkey (D:5)
  8 crimson imps
  A bullfrog zombie (D:5)
  2 centaur zombies
  5 jellies
  6 hounds
  A bullfrog skeleton (D:12)
  5 orc priests
  2 gnoll shamans
  3 centaur skeletons
  7 iguanas
  9 orc wizards
  6 worker ants
  A killer bee zombie (D:6)
  A hound zombie (D:5)
  4 hound skeletons
  A howler monkey zombie (D:5)
  20 gnolls
  A howler monkey skeleton (D:10)
  14 adders
  2 river rats (Sewer)
  3 shadow imps
  12 oozes
  2 adder skeletons (D:6)
  7 worms
  7 leopard geckos
  32 orcs
  5 bats
  4 giant cockroaches
  4 hobgoblins
  21 jackals
  4 quokkas
  3 ball pythons
  5 frilled lizards
  4 goblins
  4 jackal skeletons
  12 kobolds
  A quokka skeleton (D:7)
  A quokka zombie (D:8)
  17 rats
355 creatures vanquished.

Vanquished Creatures (others)
  22 fungi (D:11)
  A plant (D:11)
23 creatures vanquished.

Grand Total: 378 creatures vanquished

Notes
Turn   | Place    | Note
-------+----------+-------------------------------------------
     0 | D:1      | Hugehornet the Gargoyle Fighter began the quest for the
                  | Orb.
     0 | D:1      | Reached XP level 1. HP: 14/14 MP: 1/1
   377 | D:1      | Reached XP level 2. HP: 19/19 MP: 2/2
   407 | D:1      | Reached skill level 3 in Maces & Flails
   967 | D:2      | Found a shimmering blue altar of Sif Muna.
   976 | D:2      | Reached XP level 3. HP: 23/23 MP: 3/3
  1438 | D:2      | Reached skill level 4 in Maces & Flails
  1612 | D:2      | Found a radiant altar of Vehumet.
  1681 | D:2      | Found a faded altar of an unknown god.
  1950 | D:3      | Reached XP level 4. HP: 25/28 MP: 4/4
  2097 | D:3      | Found a shadowy altar of Dithmenos.
  2179 | D:3      | Reached skill level 5 in Maces & Flails
  2183 | D:3      | Reached XP level 5. HP: 8/32 MP: 5/5
  2261 | D:3      | Found a shattered altar of Ashenzari.
  2421 | D:3      | Found a glowing drain.
  2453 | Sewer    | Entered a sewer
  2832 | Sewer    | Noticed a big kobold
  2862 | Sewer    | Killed a big kobold
  2862 | Sewer    | Reached skill level 6 in Maces & Flails
  2862 | Sewer    | Reached XP level 6. HP: 35/37 MP: 6/6
  3173 | Sewer    | Reached skill level 7 in Maces & Flails
  3173 | Sewer    | Reached XP level 7. HP: 38/41 MP: 7/7
  3614 | D:4      | Reached skill level 8 in Maces & Flails
  4350 | D:4      | Found Geappa Vounk's Antique Weapon Emporium.
  4553 | D:4      | Found a hazy altar of Hepliaklqana.
  5017 | D:5      | Entered Level 5 of the Dungeon
  5035 | D:5      | Reached skill level 9 in Maces & Flails
  5035 | D:5      | Reached XP level 8. HP: 43/46 MP: 8/8
  5114 | D:5      | Found Xisicw's Jewellery Shoppe.
  5256 | D:5      | Found Wiybun Vuce's Armour Boutique.
  5415 | D:5      | Noticed Blork the orc
  5427 | D:5      | Killed Blork the orc
  5479 | D:5      | Found an opulent altar of Gozag.
  5482 | D:5      | Found a glowing golden altar of the Shining One.
  5485 | D:5      | Found a blossoming altar of Fedhas.
  5723 | D:5      | Reached skill level 10 in Maces & Flails
  6073 | D:5      | Found Siepleok's Assorted Antiques.
  6080 | D:5      | Bought a scroll labeled BEIX ONIT RUPT for 19 gold pieces
  6449 | D:5      | Found Pytasuic's Book Shop.
  6552 | D:4      | Bought a pitted mace for 248 gold pieces
  6552 | D:4      | Identified the cursed +0 mace of the Shark {drain, Str+3}
                  | (You bought it in a shop on level 4 of the Dungeon)
  6795 | D:6      | Reached skill level 11 in Maces & Flails
  6814 | D:6      | Reached XP level 9. HP: 41/51 MP: 9/9
  7496 | D:6      | Reached skill level 12 in Maces & Flails
  7735 | D:6      | Found a staircase to the Ecumenical Temple.
  7808 | Temple   | Entered the Ecumenical Temple
  7950 | Temple   | Became a worshipper of Cheibriados the Contemplative
  8320 | D:6      | Found an ornate altar of the Wu Jian Council.
  8768 | D:7      | Found a runed translucent door.
  8769 | D:7      | Noticed Hugehornet's ghost (novice TrFi)
  8799 | D:7      | Reached skill level 13 in Maces & Flails
  8829 | D:7      | Found a sparkling altar of Nemelex Xobeh.
  9028 | D:7      | Found a glowing golden altar of the Shining One.
  9099 | D:7      | Got a faintly humming leather armour
  9110 | D:7      | Identified the +1 leather armour "Azyxzibre" {+Blink MP+9}
                  | (You found it on level 7 of the Dungeon)
  9457 | D:7      | Noticed a moth of wrath
  9460 | D:7      | Found a bloodstained altar of Trog.
  9485 | D:7      | Reached * piety under Cheibriados
  9541 | D:7      | Reached XP level 10. HP: 56/56 MP: 10/10
  9710 | D:8      | Noticed Erica
  9746 | D:8      | Killed Erica
  9746 | D:8      | Reached skill level 14 in Maces & Flails
 10283 | D:8      | Learned a level 4 spell: Cause Fear
 10305 | D:8      | Reached skill level 1 in Invocations
 10340 | D:8      | Found an iron altar of Okawaru.
 10454 | D:8      | Noticed a two-headed ogre
 10468 | D:8      | Killed a two-headed ogre
 10468 | D:8      | Reached skill level 1 in Hexes
 10522 | D:8      | Noticed a two-headed ogre
 10532 | D:8      | Killed a two-headed ogre
 10532 | D:8      | Reached skill level 1 in Spellcasting
 10764 | D:8      | Noticed Psyche
 10771 | D:8      | Killed Psyche
 10771 | D:8      | Reached skill level 5 in Armour
 10771 | D:8      | Reached skill level 5 in Shields
 10799 | D:8      | Found a runed translucent gate.
 10799 | D:8      | Noticed Hugehornet's ghost (novice OpTm)
 10810 | D:8      | Found a runed translucent gate.
 10814 | D:8      | Found a runed translucent gate.
 10814 | D:8      | Identified the cursed +0 plate armour of the Pure Emperors
                  | {+Blink rElec Dex+2}
 10815 | D:8      | Found a roughly hewn altar of Beogh.
 11010 | D:9      | Reached ** piety under Cheibriados
 11145 | D:9      | Reached skill level 5 in Fighting
 11155 | D:9      | Noticed Harold
 11172 | D:9      | Killed Harold
 11172 | D:9      | Reached XP level 11. HP: 64/64 MP: 12/14
 11235 | D:9      | Noticed Gastronok
 11267 | D:9      | Killed Gastronok
 11811 | D:10     | Entered Level 10 of the Dungeon
 11825 | D:10     | Reached *** piety under Cheibriados
 12011 | D:10     | Noticed a skeletal warrior
 12142 | D:10     | Noticed a two-headed ogre
 12162 | D:10     | Killed a two-headed ogre
 12230 | D:10     | Killed a skeletal warrior
 12403 | D:10     | Noticed a white ugly thing
 12428 | D:10     | Killed a white ugly thing
 12622 | D:10     | Reached XP level 12. HP: 72/72 MP: 16/16
 12701 | D:10     | Reached skill level 5 in Hexes
 12934 | D:10     | Reached **** piety under Cheibriados
 13377 | D:11     | Found a staircase to the Lair.
 13883 | D:11     | Noticed Snorg
 13916 | D:11     | Killed Snorg
 13916 | D:11     | Reached skill level 5 in Invocations
 13998 | D:11     | Reached ***** piety under Cheibriados
 14059 | D:11     | Noticed a two-headed ogre
 14065 | D:11     | Killed a two-headed ogre
 14335 | D:13     | Noticed a centaur warrior
 14357 | D:13     | Killed a centaur warrior
 14371 | D:13     | Noticed a centaur warrior
 14393 | D:13     | HP: 3/75 [centaur warrior/+2 broad axe of distortion (13)]
 14394 | D:13     | Killed a centaur warrior
 14574 | D:13     | Found a flickering gateway to a bazaar.
 14577 | D:13     | Noticed a two-headed ogre
 14587 | D:13     | Killed a two-headed ogre
 14593 | Bazaar   | Entered a bazaar
 14593 | Bazaar   | Found Rucozaicuo's Armour Boutique.
 14593 | Bazaar   | Found Hovvubb's Armour Shop.
 14593 | Bazaar   | Found Pocom's Assorted Antiques.
 14593 | Bazaar   | Found Xuapn's Jewellery Shop.
 14593 | Bazaar   | Found Lapeil's Armour Boutique.
 14833 | Bazaar   | Bought the cursed +0 large shield "Hohot" {rN+ MR+ Dex+2}
                  | for 247 gold pieces
 14835 | Bazaar   | Bought a cursed amulet of inaccuracy for 20 gold pieces
 14835 | Bazaar   | Bought a cursed -2 ring of intelligence for 20 gold pieces
 14855 | Bazaar   | Bought a scroll labeled TECAUPROES for 24 gold pieces
 14865 | Bazaar   | Bought a cursed ring of attention for 45 gold pieces
 14865 | Bazaar   | Bought a cursed ring of teleportation for 45 gold pieces
 14925 | D:12     | Found the +12 Vampire's Tooth {vamp}
 14946 | D:12     | Reached XP level 13. HP: 34/80 MP: 19/19
 15172 | D:12     | Noticed Jorgrun
 15187 | D:12     | Slain by Jorgrun

Levels and vault maps discovered:
D:1:      scummos_arrival_simple_crosswalls, layout_basic
D:2:      layout_loops_ring, nicolae_overflow_crystal_walls, old_standard_altar,
          chequers_ecumenical_altar_twisty
D:3:      layout_basic, grunt_dithmenos_smoke, portal_sewer_entry_d,
          cheibrodos_ashenzari_chains
D:4:      layout_basic, lemuel_crystal_altar, serial_shops, shop, first_ration,
          patterned_corridor
D:5:      layout_basic, grunt_temple_overflow_diamond, serial_shops, shop, shop,
          nicolae_shop_temple_entry_statues_fountains,
          nicolae_shop_behind_doors, uniq_blork_the_orc
D:6:      layout_loops_corners, lemuel_coloured_pillars_altar,
          minmay_temple_entry_arrows, minmay_manual_moon
D:7:      layout_rooms, nemelex_xobeh_ov_fountains_minmay, tgw_trog,
          hellmonk_ghost_happy_afterlife, tso_metal_star
D:8:      layout_basic, biasface_ghost_orc_armoury,
          hangedman_little_slice_of_home, grunt_ministairs_10,
          kennysheep_okawaru_gauntlet, uniq_psyche, uniq_erica
D:9:      layout_roguey, uniq_gastronok, uniq_harold
D:10:     layout_stronghold, minmay_diamond_spiral
D:11:     layout_long_grid, due_lair_maze_entry_diamond, chequers_jeans,
          uniq_snorg
D:12:     layout_roguey, david_orc_1_choice, serial_shops, shop_statue,
          minivault_7, uniq_jorgrun
D:13:     layout_rooms, basic_altar, serial_shops, bzr_entry_lakeside,
          nicolae_ru_awakened_eye
Temple:   hc_temple_tempest_star

Skill      XL: |  1  2  3  4  5  6  7  8  9 10 11 12 13 |
---------------+----------------------------------------+-----
Maces & Flails | 3 4 5 6 7 9 11 13 14 | 14.1
Invocations    | 2 4 5 |  5.8
Fighting       | 5 7 8 9 |  9.0
Armour         | 5 7 8 9 |  9.0
Shields        | 5 7 9 |  9.1
Hexes          | 3 4 6 |  6.7
Spellcasting   | 2 3 4 |  4.6

Action                   |  1- 3 |  4- 6 |  7- 9 | 10-12 | 13-15 || total
-------------------------+-------+-------+-------+-------+-------++-------
Melee: Flail             |   132 |   157 |       |       |       ||   289
       Whip              |       |   120 |   274 |       |       ||   394
       Mace              |       |       |   379 |   920 |    29 ||  1328
Invok: Bend Time         |       |       |       |     1 |       ||     1
  Use: Scroll            |     7 |       |     6 |    10 |       ||    23
       Potion            |       |     2 |       |    17 |     2 ||    21
 Stab: Invisible         |       |       |       |     5 |     7 ||    12
  Eat: Chunk             |     3 |     5 |    23 |    11 |       ||    42
       Ration            |       |       |       |     1 |       ||     1
Armor: Scale mail        |    78 |       |       |       |       ||    78
       Chain mail        |     4 |   188 |   286 |    52 |       ||   530
       Plate armour      |       |       |       |   330 |     6 ||   336
Dodge: Dodged            |    26 |    74 |    93 |   165 |     3 ||   361
Block: Shield            |    58 |   178 |   230 |   422 |     6 ||   894
